 Dungeon Crawl Stone Soup version 0.24-a0-459-g225fefd530 (webtiles) character file.

Game seed: 2707679852592711576

63 drasked the Magician (level 3, -2/19 HPs)
             Began as a Deep Elf Wizard on June 28, 2019.
             Slain by a quokka (4 damage)
             ... on level 2 of the Dungeon.
             The game lasted 00:03:52 (1705 turns).

drasked the Magician (Deep Elf Wizard)              Turns: 1705, Time: 00:03:52

Health: -2/19      AC:  2    Str:  4    XL:     3   Next: 87%
Magic:  1/10       EV: 12    Int: 23    God:
Gold:   95         SH:  0    Dex: 13    Spells: 7/10 levels left

rFire    . . .     SeeInvis .   m - +1 whip (drain)
rCold    . . .     Gourm    .   (no shield)
rNeg     . . .     Faith    .   a - +0 robe
rPois    .         Spirit   .   b - +0 hat
rElec    .         Reflect  .   (no cloak)
rCorr    .         Harm     .   (no gloves)
MR       .....                  (no boots)
Stlth    ++........             (no amulet)
HPRegen  0.06/turn              (no ring)
MPRegen  0.12/turn              (no ring)

@: very slightly contaminated, lightly drained
A: no striking features
a: no special abilities


You were on level 2 of the Dungeon.
You were not hungry.

You visited 1 branch of the dungeon, and saw 2 of its levels.

You collected 95 gold pieces.

Inventory:

Hand Weapons
 m - a +1 whip of draining (weapon)
   (You took it off a kobold on level 2 of the Dungeon)
Missiles
 Q - 86 stones (quivered)
Armour
 a - a +0 robe (worn)
 b - a +0 hat (worn)
Scrolls
 d - 2 scrolls of blinking {unknown}
 f - 2 scrolls of teleportation {unknown}
 h - 4 scrolls of identify {unknown}
 k - a scroll of remove curse {unknown}
Potions
 g - a potion of ambrosia {unknown}
 i - a potion of degeneration {unknown}
 j - a potion of might {unknown}
Comestibles
 c - 3 chunks of flesh {@w0}
 e - a ration


   Skills:
 - Level 2.4(2.3) Dodging
 - Level 2.4(2.3) Stealth
 - Level 4.4(4.2) Spellcasting
 + Level 4.2(4.1) Conjurations
   Level 1.1(1.0) Summonings
 - Level 1.1(1.0) Translocations


You had 7 spell levels left.
You knew the following spells:

 Your Spells              Type           Power        Failure   Level  Hunger
a - Magic Dart            Conj           ###.         1%          1    None
b - Blink                 Tloc           N/A          11%         2    #......

Your spell library contained the following spells:

 Spells                   Type           Power        Failure   Level  Hunger
 Call Imp                 Summ           #.......     11%         2    #......
 Conjure Flame            Conj/Fire      ##......     13%         3    ##.....
 Slow                     Hex            #.......     16%         2    #......
 Mephitic Cloud           Conj/Pois/Air  ##......     17%         3    ##.....


Dungeon Overview and Level Annotations

Branches:
Dungeon (2/15)

Altars:
Sif Muna


Message History

You hit the quokka. You drain the quokka.
You kill the quokka!
You start resting.
You start resting.
A rat comes into view.
A rat is nearby!
Aim: a rat (resting)
The magic dart hits the rat.
Aim: a rat (moderately wounded)
The magic dart hits the rat but does no damage.
Aim: a rat (moderately wounded)
The magic dart hits the rat.
Aim: a rat (severely wounded)
The magic dart hits the rat.
You kill the rat!
You start resting.
You now have 95 gold pieces (gained 1).
You open the door.
There is an open door here.
A dart slug comes into view.
Aim: a dart slug (resting)
The magic dart hits the dart slug.
Aim: a dart slug (heavily wounded)
The magic dart hits the dart slug.
You kill the dart slug!
A ball python comes into view.
Aim: a ball python (resting)
The magic dart hits the ball python.
The ball python hisses angrily.
You hear a shout!
Aim: a ball python (severely wounded)
The magic dart hits the ball python.
You kill the ball python!
A bat comes into view.
A hobgoblin comes into view.
Aim: a hobgoblin The magic dart hits the hobgoblin.
Aim: a hobgoblin (severely wounded)
The magic dart hits the hobgoblin.
You kill the hobgoblin!
Aim: a bat The magic dart hits the bat.
You kill the bat!
A quokka comes into view.
Aim: a quokka (hasn't noticed you)
The magic dart hits the quokka.
* * * LOW MAGIC WARNING * * *
Aim: a quokka (lightly wounded)
You miscast Magic Dart.
You are very lightly contaminated with residual magic.
Nothing appears to happen.
* * * LOW MAGIC WARNING * * *
Aim: a quokka (lightly wounded)
The magic dart hits the quokka but does no damage.
* * * LOW MAGIC WARNING * * *
Aim: a quokka (lightly wounded)
The magic dart hits the quokka but does no damage.
* * * LOW MAGIC WARNING * * *
You don't have enough magic to cast that spell.
You barely miss the quokka. The quokka bites you.
A giant cockroach comes into view.
You miss the quokka. The quokka bites you.
The quokka twitches its whiskers.
The quokka barely misses you.
Aim: a quokka (lightly wounded)
The magic dart hits the quokka.
* * * LOW MAGIC WARNING * * *
The quokka barely misses you. The quokka closely misses you.
There is an open door here.
Aim: a quokka (moderately wounded)
You miscast Magic Dart.
You smell something strange.
* * * LOW MAGIC WARNING * * *
The quokka closely misses you. The quokka bites you.
The quokka completely misses you.
You hit the quokka. You drain the quokka. The quokka misses you.
Aim: a quokka (almost dead, heavily drained)
The magic dart hits the quokka but does no damage.
* * * LOW MAGIC WARNING * * *
The quokka barely misses you. The quokka closely misses you.
The quokka bites you.
* * * LOW HITPOINT WARNING * * *
The quokka closely misses you.
Aim: a quokka (severely wounded, heavily drained)
The magic dart hits the quokka.
* * * LOW MAGIC WARNING * * *
The quokka misses you.
Aim: a quokka (severely wounded, heavily drained)
You miscast Magic Dart.
Strange energies run through your body.
* * * LOW MAGIC WARNING * * *
The quokka misses you. The quokka bites you.
* * * LOW HITPOINT WARNING * * *
The quokka seems less drained.
The quokka bites you.
* * * LOW HITPOINT WARNING * * *
You hit the quokka but do no damage. The quokka bites you.
You die...

############ ...........#
...........#
...........######################
#..............r@...÷).........>#
########.....##############.###.#
≈# #.....# #.# #.# ≈# #.....# #.#
#.# ≈# #.....# ##########.###.#
≈# #.....# #.......##.#...# ≈#
#.....# #)......##.#.###
##################.......##.#÷#
#........................#..#.#


You could see a quokka.

Levels and vault maps discovered:
D:1:      nicolae_arrival_memento_mori, layout_loops_ring, minmay_misc_feat_iff
D:2:      layout_basic, led_sif_pool, first_ration

Notes
Turn   | Place    | Note
-------+----------+-------------------------------------------
     0 | D:1      | drasked the Deep Elf Wizard began the quest for the Orb.
     0 | D:1      | Reached XP level 1. HP: 10/10 MP: 7/7
    14 | D:1      | Identified a +0 club
   200 | D:1      | Identified a +0 club
   201 | D:1      | Reached skill level 2 in Conjurations
   235 | D:1      | Reached XP level 2. HP: 15/15 MP: 6/9
   273 | D:1      | Learned a level 2 spell: Blink
   685 | D:1      | Identified a +0 dagger
   689 | D:1      | Identified a +0 dagger
   690 | D:1      | Reached skill level 3 in Conjurations
   875 | D:1      | Identified a +0 dagger
  1006 | D:1      | Identified a +0 club
  1050 | D:1      | Reached XP level 3. HP: 19/19 MP: 7/10
  1177 | D:2      | Identified a +0 short sword
  1217 | D:2      | Identified a +0 short sword
  1271 | D:2      | Identified a +0 whip
  1275 | D:2      | Identified a +1 whip of draining
  1347 | D:2      | Identified a cursed +0 dagger
  1367 | D:2      | Found a deep blue altar of Sif Muna.
  1380 | D:2      | Identified a +0 short sword
  1488 | D:2      | Reached skill level 4 in Conjurations
  1512 | D:2      | Identified a +0 club
  1699 | D:2      | HP: 4/19 [quokka (5)]
  1704 | D:2      | HP: 2/19 [quokka (2)]
  1705 | D:2      | Slain by a quokka

Table legend:
 A = Turns spent in this place as a percentage of turns spent in the entire game.
 B = Non-inter-level travel turns spent in this place as a percentage of non-inter-level travel turns spent in the entire game.
 C = Inter-level travel turns spent in this place as a percentage of turns spent in this place.
 D = Turns resting spent in this place as a percentage of non-inter-level travel turns spent in this place.
 E = Turns spent auto-exploring this place as a percentage of non-inter-level travel turns spent in this place.
 F = Non-inter-level travel turns spent in this place divided by the number of levels of this place that you've seen.
                   A       B       C       D       E      F
               +-------+-------+-------+-------+-------+----------------------
         Total | 100.0 | 100.0 |   2.7 |  42.7 |  43.2 | 829.5
       Dungeon | 100.0 | 100.0 |   2.7 |  42.7 |  43.2 | 829.5
               +-------+-------+-------+-------+-------+----------------------

Table legend:
 A = Kills in this place as a percentage of kills in entire the game.
 B = Kills by you in this place as a percentage of kills by you in the entire game.
 C = Kills by friends in this place as a percentage of kills by friends in the entire game.
 D = Other kills in this place as a percentage of other kills in the entire game.
 E = Experience gained in this place as a percentage of experience gained in the entire game.
 F = Experience gained in this place divided by the number of levels of this place that you have seen.
                   A       B       C       D       E      F
               +-------+-------+-------+-------+-------+----------------------
         Total | 100.0 | 100.0 |   N/A |   N/A | 100.0 |  45.0
       Dungeon | 100.0 | 100.0 |   N/A |   N/A | 100.0 |  45.0
               +-------+-------+-------+-------+-------+----------------------

Skill      XL: |  1  2  3 |
---------------+----------+-----
Conjurations   | 2 3 4 |  4.2
Dodging        | |  2.4
Stealth        | |  2.4
Spellcasting   | |  4.4
Summonings     | |  1.1
Translocations | |  1.1

Action                   || total
-------------------------++-------
Melee: Whip              ||     5
 Cast: Magic Dart        ||    96
  Eat: Chunk             ||     2
Armor: Robe              ||     2
Dodge: Dodged            ||    16

Vanquished Creatures
  An adder (D:2)
  4 dart slugs
  3 leopard geckos
  7 bats
  A giant cockroach (D:1)
  5 goblins
  4 hobgoblins
  A quokka (D:2)
  A ball python (D:2)
  2 frilled lizards (D:1)
  10 kobolds
  5 rats
44 creatures vanquished.
